 Dungeon Crawl Stone Soup version 0.31.0-11-ge490571c62 (webtiles) character file.

Game seed: 17818655637106772889

491 qw the Ducker (level 6, -3/32 HPs)
             Began as a Spriggan Hunter on Feb 3, 2024.
             Incinerated by a bombardier beetle (5 damage)
             ... with a burning spray
             ... on level 5 of the Dungeon.
             The game lasted 00:00:11 (3307 turns).

qw the Ducker (Spriggan Hunter)                     Turns: 3307, Time: 00:00:12

Health: -3/32      AC:  2    Str:  7    XL:     6   Next: 91%
Magic:  7/7        EV: 25    Int: 10    God:
Gold:   516        SH:  0    Dex: 27    Spells: 5/5 levels left

rFire   . . .        a - +1 shortbow
rCold   . . .        (shield currently unavailable)
rNeg    . . .        c - +0 robe
rPois   +            (helmet restricted)
rElec   .            (no cloak)
rCorr   .            (gloves unavailable)
SInv    +            (boots unavailable)
Will    +....        i - amulet of regeneration
Stlth   +            h - ring of poison resistance
HPRegen 1.05/turn    d - +6 ring of dexterity
MPRegen 0.10/turn

%: no passive effects
@: on fire, glowing, very quick
A: very small, no large weapons, unfitting armour, see invisible, speed 3
a: no special abilities


You were on level 5 of the Dungeon.
You visited 1 branch of the dungeon, and saw 5 of its levels.
You also visited: Ossuary.

You collected 516 gold pieces.


Innate Abilities, Weirdness & Mutations

You are very small and have problems with some larger weapons.
You are too small for most types of armour.
You have supernaturally acute eyesight. (SInv)
You cover ground extremely quickly. (Speed+++)


   Skills:
 - Level 2.7 Fighting
 - Level 6.0 Ranged Weapons
 + Level 7.1 Dodging
 - Level 1.5 Stealth


You had 5 spell levels left.
You didn't know any spells.
Your spell library was empty.

Inventory:

Hand Weapons
 a - a +1 shortbow (weapon)
Armour
 c - a +0 robe (worn)
Jewellery
 b - a +4 ring of protection
 d - a +6 ring of dexterity (right hand)
 h - a ring of poison resistance (left hand)
 i - an amulet of regeneration (around neck)
 Y - a ring of protection from cold
Wands
 e - a wand of acid (20)
Scrolls
 g - 4 scrolls of teleportation
Potions
 f - 4 potions of mutation
 k - 4 potions of curing
 l - 2 potions of might
 p - a potion of heal wounds
 t - a potion of haste

Dungeon Overview and Level Annotations

Branches:
Dungeon (5/15)            Ossuary (visited)
 Temple: D:4-7

Altars:
Fedhas
Xom


Message History

The bombardier beetle is heavily wounded.
You shoot an arrow. The arrow hits the bombardier beetle.
The bombardier beetle is severely wounded.
You shoot an arrow.
The arrow closely misses the bombardier beetle.
You shoot an arrow. The arrow hits the bombardier beetle.
The bombardier beetle is almost dead.
You shoot an arrow.
The arrow completely misses the bombardier beetle.
You shoot an arrow.
The arrow hits the bombardier beetle but does no damage.
The bombardier beetle is almost dead.
You shoot an arrow.
The arrow completely misses the bombardier beetle.
The bombardier beetle sprays incendiary fluid at you.
The burning spray hits you.
You are covered in liquid fire!
You shoot an arrow. The arrow hits the bombardier beetle.
You kill the bombardier beetle!
The liquid fire burns you!
Your Dodging skill increases to level 7!
You are on fire!
The liquid fire burns you!
You are on fire!
The liquid fire burns you!
You are on fire!
The liquid fire burns you!
You are on fire!
The liquid fire burns you!
You are on fire!
The liquid fire burns you!
You are on fire!
The liquid fire burns you!
You are on fire!
The liquid fire burns you!
You are on fire!
The liquid fire burns you!
You are on fire!
The liquid fire burns you!
You die...

##############
##########............#
............#########.###
..<..........# ##......
..######....######.......
#@#.............##
###%#..######.....#
#............#....#
#.#.#....##...#.#.#
..........%..#.....#
...#.#..#.##...#...##
#....%...#.###...##...
......##.#.# ###.#####
..... ..#.#####.####


There were no monsters in sight!

Vanquished Creatures
  An ogre (D:5)
  2 bombardier beetles (D:5)
  3 hounds
  A jelly (D:4)
  An iguana (D:4)
  8 mummies (Ossuary)
  3 adders
  A shadow imp (D:5)
  3 dart slugs
  6 ball pythons
  5 endoplasms
  A giant cockroach (D:4)
  8 goblins
  4 hobgoblins
  A quokka (D:2)
  2 bats
  A frilled lizard (D:1)
  2 gnoll zombies (Ossuary)
  A hobgoblin zombie (Ossuary)
  3 kobolds
  2 kobold zombies (Ossuary)
  3 orc zombies (Ossuary)
  6 rats
  2 rat zombies (D:5)
70 creatures vanquished.

Notes
Turn   | Place    | Note
-------+----------+-------------------------------------------
     0 | D:1      | qw the Spriggan Hunter began the quest for the Orb.
     0 | D:1      | Reached XP level 1. HP: 10/10 MP: 2/2
     0 | D:1      | 0 ||| qw: Version: 0.3-a-158-g18b3111
     0 | D:1      | 0 ||| qw: Game counter: 4076
     0 | D:1      | 0 ||| qw: Melee chars always use a shield: true
     0 | D:1      | 0 ||| qw: God list: Okawaru
     0 | D:1      | 0 ||| qw: Allow faded altars: false
     0 | D:1      | 0 ||| qw: Do Orc after clearing Dungeon:15 true
     0 | D:1      | 0 ||| qw: Do second Lair branch before Depths: true
     0 | D:1      | 0 ||| qw: Lair rune preference: random
     0 | D:1      | 0 ||| qw: Goals: Normal
     0 | D:1      | 0 ||| PLANNING D:1-11
    82 | D:1      | Reached skill level 3 in Dodging
   290 | D:1      | Reached XP level 2. HP: 13/14 MP: 3/3
   327 | D:1      | Found a faded altar of an unknown god.
   368 | D:1      | Reached skill level 4 in Dodging
   705 | D:1      | 705 ||| UPGRADING to ring of protection from cold.
   706 | D:1      | 706 ||| READING 2 scrolls labelled ORGHUK RYOCU.
   707 | D:1      | 707 ||| READING 4 scrolls labelled NAIKHL QUNO VOPLE.
   707 | D:1      | 707 ||| IDENTIFYING murky puce potion
   708 | D:1      | 708 ||| READING 3 scrolls of identify.
   708 | D:1      | 708 ||| IDENTIFYING inky potion
   709 | D:1      | 709 ||| READING 2 scrolls of identify.
   709 | D:1      | 709 ||| IDENTIFYING clear potion
   710 | D:1      | 710 ||| READING scroll of identify.
   710 | D:1      | 710 ||| IDENTIFYING metallic emerald potion
   711 | D:1      | 711 ||| READING 2 scrolls labelled YNISOG FURODU.
   714 | D:1      | 714 ||| DRINKING 2 fuming ruby potions.
   763 | D:1      | 763 ||| DROPPING scroll of butterflies.
   764 | D:1      | 764 ||| DROPPING scroll of blinking.
   765 | D:1      | 765 ||| DROPPING potion of ambrosia.
   766 | D:1      | 766 ||| DROPPING potion of lignification.
   812 | D:2      | Reached XP level 3. HP: 18/18 MP: 4/4
  1325 | D:2      | 1325 ||| UPGRADING to +6 ring of dexterity.
  1447 | D:3      | Reached XP level 4. HP: 22/22 MP: 5/5
  1566 | D:3      | Reached skill level 5 in Dodging
  1749 | D:3      | Found a blossoming altar of Fedhas.
  2021 | D:3      | 2021 ||| UPGRADING to amulet of regeneration.
  2026 | D:3      | 2026 ||| READING 3 scrolls of identify.
  2026 | D:3      | 2026 ||| IDENTIFYING scroll labelled ATEWKI IRUTTAE
  2027 | D:3      | 2027 ||| DROPPING scroll of fear.
  2692 | D:4      | Reached XP level 5. HP: 25/25 MP: 6/6
  2779 | D:4      | Found a shimmering altar of Xom.
  2830 | D:4      | 2830 ||| UPGRADING to ring of poison resistance.
  2832 | D:4      | 2832 ||| READING 3 scrolls of identify.
  2832 | D:4      | 2832 ||| IDENTIFYING scroll labelled OSUAXZ CUMUC
  2833 | D:4      | 2833 ||| DROPPING scroll of noise.
  2842 | D:5      | Entered Level 5 of the Dungeon
  2843 | D:5      | 2843 ||| PLANNING OSSUARY
  2857 | D:5      | Reached skill level 6 in Dodging
  2939 | D:5      | Noticed an ogre
  2941 | D:5      | 2941 ||| ZAPPING wand of acid (23) at -5,1 (ogre; floor).
  2942 | D:5      | 2942 ||| ZAPPING wand of acid (22) at -4,1 (ogre; floor).
  2943 | D:5      | 2943 ||| ZAPPING wand of acid (21) at -3,1 (ogre;
                  | stone_stairs_up_iii).
  2943 | D:5      | Killed an ogre
  2944 | D:5      | Reached XP level 6. HP: 32/32 MP: 7/7
  2984 | D:5      | Found a sand-covered staircase.
  2989 | Ossuary  | Entered an ossuary
  3131 | Ossuary  | Reached skill level 6 in Ranged Weapons
  3184 | Ossuary  | 3184 ||| READING 3 scrolls of identify.
  3184 | Ossuary  | 3184 ||| IDENTIFYING fuming cyan potion
  3185 | Ossuary  | 3185 ||| READING 2 scrolls of identify.
  3185 | Ossuary  | 3185 ||| IDENTIFYING fizzy red potion
  3186 | Ossuary  | 3186 ||| READING scroll of identify.
  3186 | Ossuary  | 3186 ||| IDENTIFYING 2 purple potions
  3187 | Ossuary  | 3187 ||| READING scroll labelled TOONIT QUEBLOE.
  3188 | Ossuary  | 3188 ||| READING scroll labelled IWOPYI AWILISE.
  3189 | Ossuary  | 3189 ||| READING scroll labelled SUENID PETS.
  3189 | Ossuary  | 3189 ||| ENCHANTING +0 shortbow.
  3190 | Ossuary  | 3190 ||| READING scroll labelled RIQOYM ISEVIC.
  3191 | Ossuary  | 3191 ||| DRINKING 2 fuming golden potions.
  3192 | Ossuary  | 3192 ||| DRINKING 2 viscous ruby potions.
  3193 | Ossuary  | 3193 ||| DROPPING potion of brilliance.
  3194 | Ossuary  | 3194 ||| DROPPING 2 potions of attraction.
  3195 | Ossuary  | 3195 ||| DROPPING potion of berserk rage.
  3215 | D:5      | 3215 ||| PLANNING D:1-11
  3299 | D:5      | Reached skill level 7 in Dodging
  3304 | D:5      | HP: 8/32 [burnt (4)]
  3306 | D:5      | HP: 1/32 [burnt (4)]
  3307 | D:5      | Incinerated by a bombardier beetle

Levels and vault maps discovered:
D:1:      heliophobic_arrival_glass_houses, layout_basic,
          hellmonk_ecumenical_altar_arch_garden, grunt_decor_resistance,
          reono_crystal_passage
D:2:      layout_loops_ring
D:3:      layout_loops_ring, mainiacjoe_overflow_alcove_2
D:4:      layout_loops_corners, marbit_many_paths, minmay_box_of_dots
D:5:      minmay_polygon_palace, layout_loops_ring,
          minmay_temple_entry_stoned_glass, enter_ossuary_3

Skill      XL: |  1  2  3  4  5  6 |
---------------+-------------------+-----
Dodging        | 3 4 5 6 7 |  7.1
Ranged Weapons | 5 6 |  6.0
Fighting       | 2 |  2.7
Stealth        | |  1.5

Action                     |  1- 3 |  4- 6 || total
---------------------------+-------+-------++-------
   Fire: Shortbow          |    82 |   161 ||   243
  Evoke: Wand              |       |     3 ||     3
    Use: Scroll            |     6 |     9 ||    15
         Potion            |     1 |     2 ||     3
 Armour: Robe              |     5 |    17 ||    22
  Dodge: Dodged            |    26 |    66 ||    92

Table legend:
 A = Non-vault XP
 B = Vault XP
 C = Vault XP percentage of total XP
 D = Non-vault monster count
 E = Vault monster count
 F = Vault count percentage of total count
                 A         B        C        D         E       F
            +---------+---------+-------+---------+---------+-------
      Total |     525 |     177 |  25.2 |      48 |      22 |  31.4
            +---------+---------+-------+---------+---------+-------
        D:1 |      25 |       0 |   0.0 |      15 |       0 |   0.0
        D:2 |      38 |       0 |   0.0 |      10 |       0 |   0.0
        D:3 |      57 |       0 |   0.0 |       7 |       0 |   0.0
        D:4 |      93 |      19 |  17.0 |      10 |       4 |  28.6
        D:5 |     312 |       2 |   0.6 |       6 |       2 |  25.0
    Ossuary |       0 |     156 | 100.0 |       0 |      16 | 100.0
            +---------+---------+-------+---------+---------+-------
